 Dungeon Sprint DCSS version 0.29-a0-2-g12fcac58f8 (webtiles) character file.

Game seed: 16930483532856515075

1614 mhtbhm the Basher (level 8, 0/82 HPs)
             Began as a Purple Draconian Berserker on Jan 27, 2022.
             Was an Elder of Trog.
             Killed by divine providence
             ... invoked by a meliai
              (11 damage)
             ... in the Dungeon (Sprint IX: "|||||||||||||||||||||||||||||").
             The game lasted 00:01:28 (723 turns).

mhtbhm the Basher (Purple Draconian Berserker)       Turns: 723, Time: 00:01:29

Health: 0/82       AC:  7    Str: 21    XL:     8   Next: 64%
Magic:  8/8        EV: 19    Int:  9    God:    Trog [****..]
Gold:   0          SH:  0    Dex: 10    Spells: 7/7 levels left

rFire   . . .      SeeInvis .   a - +2 dire flail (vorpal)
rCold   . . .      Faith    .   (shield currently unavailable)
rNeg    . . .      Spirit   .   (armour unavailable)
rPois   .          Reflect  .   (helmet restricted)
rElec   .          Harm     .   (no cloak)
rCorr   .          Rampage  .   (no gloves)
Will    +....      NoTele   +   j - +0 pair of boots
Stlth   ++........              (no amulet)
HPRegen 0.23/turn               k - +2 ring of evasion
MPRegen 0.11/turn               l - +2 ring of evasion

@: on berserk cooldown, slowed, very slow
A: breathe power, AC +6, unfitting armour, cold-blooded
a: Breathe Dispelling Energy, Renounce Religion, Berserk, Trog's Hand, Brothers
in Arms


You were in the Dungeon.
You worshipped Trog.
Trog was greatly pleased with you.
You visited 1 branch

Inventory:

Hand Weapons
 a - a +2 vorpal dire flail (weapon)
Armour
 j - a +0 pair of boots (worn)
Jewellery
 k - a +2 ring of evasion (left hand)
 l - a +2 ring of evasion (right hand)
Wands
 i - a wand of iceblast (9)
Scrolls
 g - a scroll of blinking
Potions
 b - 3 potions of curing
 d - a potion of haste
 e - 4 potions of magic
 f - a potion of berserk rage
 h - a potion of invisibility


   Skills:
 + Level 11.3 Fighting
 + Level 13.1 Maces & Flails
 + Level 9.9 Dodging
 + Level 3.3 Stealth


You had 7 spell levels left.
You didn't know any spells.
Your spell library was empty.

Dungeon Overview and Level Annotations

Branches:
Dungeon (1/1)

Altars:
Cheibriados
Dithmenos
Elyvilon
Fedhas
Gozag
Hepliaklqana
Kikubaaqudgha
Makhleb
Nemelex Xobeh
Okawaru
Qazlal
Ru
Sif Muna
Trog
Uskayaw
Vehumet
Wu Jian
Xom
Yredelemnul
Zin
The Shining One
Beogh
Jiyva
Lugonu


Innate Abilities, Weirdness & Mutations

You can breathe bolts of dispelling energy.
Your rich purple scales are hard. (AC +6)
You cannot fit into any form of body armour.
You are cold-blooded and may be slowed by cold attacks.


Message History

Something smites you! The shadow closely misses you.
The meliai mumbles some strange prayers to its god against you.
Something smites you!
Unknown command.
Okay, then.
Unknown command.
Okay, then.
Unknown command.
You closely miss the shadow.
The meliai invokes the aid of its god against you.
Something smites you!
* * * LOW HITPOINT WARNING * * *
The shadow hits you.
* * * LOW HITPOINT WARNING * * *
Unknown command.
Unknown command.
The shadow slips into darkness.
The shadow flickers and vanishes!
Deactivating autopickup; reactivate with Ctrl-A.
Items here: )))))).
Unknown command.
Okay, then.
You feel better.
The shadow strikes at you from the darkness!
* * * LOW HITPOINT WARNING * * *
Reactivating autopickup.
Unknown command.
You hit the shadow.
The shadow is moderately damaged.
The meliai mumbles some strange prayers to its god against you.
Something smites you!
* * * LOW HITPOINT WARNING * * *
The shadow slips into darkness.
The shadow flickers and vanishes!
Deactivating autopickup; reactivate with Ctrl-A.
Unknown command.
You feel better.
The meliai invokes the aid of its god against you.
Something smites you!
You die...

▓_▓
▓_▓
▓_▓
▓_▓
▓_▓
▓'▓
▓.▓
▓?▓
▓@▓
▓{▓
▓y▓
▓J▓
▓O▓
▓.▓
▓.▓
▓)▓
▓.▓


You could see a slime creature, a two-headed ogre and a meliai.

Vanquished Creatures
  A manticore (D)
  A troll (D)
  A shadow (D)
  A yak (D)
  An acid dragon (D)
  An ogre (D)
  A centaur (D)
  A scorpion (D)
  An ufetubus (D)
  A dart slug (D)
  A bat skeleton (D)
  A bat zombie (D)
  A hobgoblin (D)
  A quokka (D)
  A ball python skeleton (D)
  2 kobolds (D)
17 creatures vanquished.

Vanquished Creatures (collateral kills)
  An ugly thing (D)
1 creature vanquished.

Grand Total: 18 creatures vanquished

Notes
Turn   | Place    | Note
-------+----------+-------------------------------------------
     0 | D        | mhtbhm the Draconian Berserker began the quest for the Orb.
     0 | D        | Reached XP level 1. HP: 19/19 MP: 1/1
    12 | D        | Reached ** piety under Trog
    17 | D        | Banished a spatial maelstrom
   279 | D        | Noticed a scorpion
   279 | D        | Noticed an ogre
   284 | D        | Reached skill level 4 in Maces & Flails
   284 | D        | Reached XP level 2. HP: 28/28 MP: 2/2
   287 | D        | Killed a scorpion
   287 | D        | Reached *** piety under Trog
   288 | D        | Reached skill level 5 in Fighting
   288 | D        | Reached skill level 5 in Maces & Flails
   288 | D        | Reached XP level 3. HP: 36/36 MP: 3/3
   290 | D        | Killed an ogre
   291 | D        | Reached skill level 7 in Maces & Flails
   291 | D        | Reached skill level 5 in Dodging
   291 | D        | Reached skill level 1 in Stealth
   291 | D        | Reached XP level 4. HP: 45/45 MP: 4/4
   291 | D        | Reached XP level 5. HP: 51/51 MP: 5/5
   328 | D        | Found a snail-covered altar of Cheibriados.
   328 | D        | Found a shadowy altar of Dithmenos.
   328 | D        | Found a white marble altar of Elyvilon.
   328 | D        | Found a blossoming altar of Fedhas.
   328 | D        | Found an opulent altar of Gozag.
   329 | D        | Found a hazy altar of Hepliaklqana.
   330 | D        | Found a viscous altar of Jiyva.
   331 | D        | Found an ancient bone altar of Kikubaaqudgha.
   332 | D        | Found a corrupted altar of Lugonu.
   333 | D        | Found a burning altar of Makhleb.
   334 | D        | Found a sparkling altar of Nemelex Xobeh.
   335 | D        | Found an iron altar of Okawaru.
   336 | D        | Found a stormy altar of Qazlal.
   337 | D        | Found a sacrificial altar of Ru.
   338 | D        | Found a shimmering blue altar of Sif Muna.
   339 | D        | Found a bloodstained altar of Trog.
   340 | D        | Found a hide-covered altar of Uskayaw.
   341 | D        | Found a radiant altar of Vehumet.
   342 | D        | Found an ornate altar of the Wu Jian Council.
   343 | D        | Found a shimmering altar of Xom.
   344 | D        | Found a basalt altar of Yredelemnul.
   345 | D        | Found a glowing silver altar of Zin.
   346 | D        | Found a glowing golden altar of the Shining One.
   383 | D        | Noticed a shadow
   383 | D        | Noticed an acid dragon
   383 | D        | Noticed a centaur
   383 | D        | Noticed a troll
   383 | D        | Noticed a yak
   391 | D        | Killed a shadow
   391 | D        | Reached **** piety under Trog
   392 | D        | Reached skill level 8 in Maces & Flails
   392 | D        | Reached XP level 6. HP: 57/61 MP: 6/6
   394 | D        | Killed an acid dragon
   395 | D        | Reached skill level 9 in Maces & Flails
   398 | D        | Reached skill level 10 in Maces & Flails
   404 | D        | Killed a troll
   405 | D        | Your scales start taking on a rich purple colour.
   405 | D        | Reached XP level 7. HP: 55/70 MP: 7/7
   407 | D        | Killed a yak
   408 | D        | Reached skill level 11 in Maces & Flails
   409 | D        | Reached ***** piety under Trog
   560 | D        | Noticed a manticore
   560 | D        | Noticed a shadow
   560 | D        | Noticed a brown ugly thing
   560 | D        | Noticed a meliai
   560 | D        | Noticed a slime creature
   560 | D        | Noticed a two-headed ogre
   701 | D        | Killed a manticore
   702 | D        | Reached skill level 10 in Fighting
   702 | D        | Reached skill level 12 in Maces & Flails
   702 | D        | Reached XP level 8. HP: 13/81 MP: 8/8
   713 | D        | Killed a brown ugly thing
   714 | D        | Reached skill level 13 in Maces & Flails
   723 | D        | Killed from afar by a meliai

Illustrated notes

Levels and vault maps discovered:
D:        linesprint [early_d, line_temple, items_1, d_10, items_2, lair_1,
          lair_end, items_3, orc_1, orc_end, items_4, d_15, swamp_1, shoals_1,
          snake_1, spider_1, d_20, vaults_1, items_5, swamp_end, shoals_end,
          snake_end, spider_end, vaults_end, d_27, items_6, zot_1, zot_end,
          crypt_end, forest_end, elf_end, slime_end, tomb_end, abyss_end,
          pan_hell_end]

Skill      XL: |  1  2  3  4  5  6  7  8 |
---------------+-------------------------+-----
Dodging        | 3 4 5 7 8 9 |  9.9
Fighting       | 4 5 6 8 9 10 11 | 11.3
Maces & Flails | 4 5 7 8 10 12 13 | 13.1
Stealth        | 1 2 3 |  3.3

Action                   |  1- 3 |  4- 6 |  7- 9 || total
-------------------------+-------+-------+-------++-------
Melee: Mace              |    20 |     4 |       ||    24
       Tailslap          |     2 |     2 |     1 ||     5
       Punch             |     2 |       |       ||     2
       Dire flail        |       |    19 |    12 ||    31
Invok: Berserk           |     2 |     1 |     1 ||     4
       Brothers in Arms  |       |       |     1 ||     1
Evoke: Wand              |       |       |     1 ||     1
  Use: Potion            |       |       |     5 ||     5
       Scroll            |       |       |     1 ||     1
Armor: Skin              |     3 |     3 |     2 ||     8
Dodge: Dodged            |    13 |    14 |     9 ||    36

Table legend: (Time is in decaauts)
 A = Elapsed time spent in this place.
 B = Non-inter-level travel time spent in this place.
 C = Inter-level travel time spent in this place.
 D = Time resting spent in this place.
 E = Time spent auto-exploring this place.
 F = Levels seen in this place.
 G = Mean time per level.
                   A        B        C        D        E       F      G
               +--------+--------+--------+--------+--------+-----+--------+
         Total |    748 |    748 |      0 |    591 |      3 |   1 |  748.0 |
       Dungeon |    748 |    748 |      0 |    591 |      3 |   1 |  748.0 |
               +--------+--------+--------+--------+--------+-----+--------+

Top non-repeatable levels by time:
       D: 748 daAuts
